AoeStats
← Vilo41

Arena

509529933Analyzed
1v1 RM · 6d ago on Sep 27, 2026· 24m 54s· 2 players
Game mode
Random Map
Map size
Tiny (2 player)
Population
200
Speed
Normal
Resources
Standard
Victory
Conquest
Starting age
Dark Age
Ending age
Imperial Age
RankedLock teamsTeams togetherTeam positionsShared explorationLock speedFull tech treeHidden civsTurbo modeCheats
Victory
Defeat
🇲🇽 Cumans · Mexico
803
+15
🇻🇪 Franks · Venezuela
779
-38
Vilo41
11:12 Feudal Age
12:42 Wheelbarrow
15:12 Double-Bit Axe
15:35 Gold Mining
18:31 Stone Mining
20:47 Castle Age
18:57 Fletching
19:06 Town Watch
19:17 Man-at-Arms
22:06 Bow Saw
22:39 Gold Shaft Mining
denylumpiest
6:13 Loom
14:05 Feudal Age
15:03 Double-Bit Axe
14:59 Horse Collar
15:55 Wheelbarrow
18:00 Gold Mining
19:43 Fletching
26:59 Castle Age
Connection lost

Rejoining the realm…

Still unreachable

The connection could not be restored.

Session expired

The server has moved on; the page needs a fresh start.